 Dungeon Crawl Stone Soup version 0.27.0-1-g7a089689b8 (webtiles) character file.

Game seed: 14013599159652282601

2 tilp the Skirmisher (level 1, -2/24 HPs)
             Began as an Ogre Delver on Aug 6, 2021.
             Slain by an orc (6 damage)
             ... on level 3 of the Dungeon.
             The game lasted 00:00:36 (53 turns).

tilp the Skirmisher (Ogre Delver)                     Turns: 53, Time: 00:00:36

Health: -2/24      AC:  3    Str: 15    XL:     1   Next: 30%
Magic:  1/1        EV:  9    Int: 11    God:
Gold:   6          SH:  0    Dex: 10    Spells: 0/0 levels left

rFire    . . .     SeeInvis .   a - +0 mace
rCold    . . .     Faith    .   (no shield)
rNeg     . . .     Spirit   .   b - +0 robe
rPois    .         Reflect  .   (helmet restricted)
rElec    .         Harm     .   (no cloak)
rCorr    .         Rampage  .   (gloves unavailable)
Will     .....                  (boots unavailable)
Stlth    ++........             (no amulet)
HPRegen  0.08/turn              (no ring)
MPRegen  0.07/turn              (no ring)

@: hasted, very quick
A: large, unfitting armour, tough skin 1
a: no special abilities


You were on level 3 of the Dungeon.
You visited 1 branch of the dungeon, and saw 3 of its levels.

You collected 6 gold pieces.

Inventory:

Hand Weapons
 a - a +0 mace (weapon)
Armour
 b - a +0 robe (worn)
Wands
 g - a wand of digging (3)
Scrolls
 c - a scroll of fog
 e - a scroll of fear


   Skills:
 - Level 4.0 Fighting
 + Level 2.0 Maces & Flails
 - Level 1.7 Dodging
 - Level 3.7 Stealth


You couldn't memorise any spells.
You didn't know any spells.
Your spell library contained the following spells:

 Spells                   Type           Power      Damage    Failure   Level
 Blade Hands              Tmut           0%         N/A       100%        5
 Irradiate                Conj/Tmut      0%         3d13      100%        5
 Dragon Form              Tmut           0%         N/A       100%        7


Dungeon Overview and Level Annotations

Branches:
Dungeon (5/15)
 Temple: D:4-7

Altars:

Annotations:
D:4 3 runed translucent doors, windycow's ghost, novice GnFE


Innate Abilities, Weirdness & Mutations

You are too large for most types of armour.
You have tough skin. (AC +1)


Message History

An orc comes into view. It is wielding a +0 dagger.
The orc shouts!
Found a helmet.
There is a stone staircase leading down here.
Unknown command.
You hit the orc.
The orc is moderately wounded.
The orc closely misses you.
You barely miss the orc.
The orc is moderately wounded.
The orc closely misses you.
You hit the orc but do no damage.
The orc is moderately wounded.
The orc hits you with a +0 dagger.
You hit the orc.
The orc is severely wounded.
The orc hits you but does no damage.
You closely miss the orc.
The orc is severely wounded.
You barely miss the orc.
The orc is severely wounded.
The orc hits you with a +0 dagger.
You barely miss the orc.
The orc is severely wounded.
The orc closely misses you.
You hit the orc.
You kill the orc!
Your Maces & Flails skill increases to level 2!
You hit the orc but do no damage. You hit the orc but do no damage.
The orc hits you with a +0 falchion!
You barely miss the orc. The orc hits you with a +0 falchion.
* * * LOW HITPOINT WARNING * * *
You hit the orc.
The orc is severely wounded.
The orc hits you with a +0 falchion.
* * * LOW HITPOINT WARNING * * *
You hit the orc but do no damage.
The orc is severely wounded.
The orc hits you with a +0 falchion.
You die...

##########
#....oo@.#
#.######......[
#######


You could see 2 orcs.

Vanquished Creatures
  An orc (D:3)
1 creature vanquished.

Notes
Turn   | Place    | Note
-------+----------+-------------------------------------------
     0 | D:5      | tilp the Ogre Delver began the quest for the Orb.
     0 | D:5      | Reached XP level 1. HP: 24/24 MP: 1/1
    15 | D:4      | Noticed a phantom
    26 | D:4      | Found a runed translucent gate.
    27 | D:4      | Found a runed translucent gate.
    27 | D:4      | Noticed windycow's ghost (novice GnFE)
    28 | D:4      | Found a runed translucent gate.
    53 | D:3      | Slain by an orc

Illustrated notes

Levels and vault maps discovered:
D:3:      layout_loops_ring, cheibrodos_worm_habitat, overflow_temple_1_default,
          uniq_crazy_yiuf_cottage, uniq_robin
D:4:      layout_basic, okawaru_gym_becter, ebering_ghost_rock_garden,
          uniq_sigmund
D:5:      lemuel_insect_pit, layout_loops_ring, minmay_temple_entry_fiery,
          hellmonk_ghost_happy_afterlife, uniq_grinder, uniq_duvessa

Skill      XL: |  1 |
---------------+----+-----
Maces & Flails | 2 |  2.0
Fighting       | |  4.0
Dodging        | |  1.7
Stealth        | |  3.7

Action                   || total
-------------------------++-------
Melee: Mace              ||    13
  Use: Scroll            ||     1
       Potion            ||     1
Armor: Robe              ||     1
Dodge: Dodged            ||     4
